 Dungeon Crawl Stone Soup version 0.28.0-49-g6dfe1f597d (webtiles) character file.

Game seed: 4438301864934061064

46 Exodus22XD the Sneak (level 3, 19/19 HPs)
             Began as a Kobold Enchanter on May 15, 2022.
             Was a Follower of Kikubaaqudgha.
             Quit the game on level 2 of the Dungeon.
             The game lasted 00:01:47 (1736 turns).

Exodus22XD the Sneak (Kobold Enchanter)             Turns: 1736, Time: 00:01:48

Health: 19/19      AC:  4    Str:  5    XL:     3   Next: 92%
Magic:  6/6        EV: 15    Int: 16    God:    Kikubaaqudgha [*.....]
Gold:   65         SH:  0    Dex: 17    Spells: 4/6 levels left

rFire   . . .      SeeInvis .   a - +1 dagger
rCold   . . .      Faith    .   (no shield)
rNeg    . . .      Spirit   .   b - +0 robe
rPois   .          Reflect  .   (no helmet)
rElec   .          Harm     .   g - +1 cloak
rCorr   .          Rampage  .   (no gloves)
Will    .....                   (no boots)
Stlth   ++++......              (no amulet)
HPRegen 0.06/turn               (no ring)
MPRegen 0.10/turn               (no ring)

@: no status effects
A: small, no large weapons, nightstalker 3
a: Renounce Religion, Receive Corpses


You were on level 2 of the Dungeon.
You worshipped Kikubaaqudgha.
Kikubaaqudgha was aware of your devotion.
You visited 1 branch of the dungeon, and saw 2 of its levels.

You collected 65 gold pieces.

Inventory:

Hand Weapons
 a - a +1 dagger (weapon)
Armour
 b - a +0 robe (worn)
 g - a +1 cloak (worn)
Jewellery
 e - a +6 ring of dexterity
Scrolls
 d - a scroll of immolation {unknown}
 j - a scroll of acquirement {unknown}
Potions
 c - a potion of invisibility
 f - a potion of attraction {unknown}
 h - 3 potions of lignification {unknown}
 i - a potion of curing {unknown}


   Skills:
 - Level 1.3 Short Blades
 - Level 2.4 Dodging
 + Level 6.3 Stealth
 - Level 2.1 Spellcasting
 - Level 3.0 Hexes


You had 4 spell levels left.
You knew the following spells:

 Your Spells              Type           Power      Damage    Failure   Level
a - Ensorcelled Hibernat  Hex/Ice        12%        N/A       17%         2

Your spell library contained the following spells:

 Spells                   Type           Power      Damage    Failure   Level
 Confusing Touch          Hex            11%        N/A       19%         3
 Tukima's Dance           Hex            11%        N/A       19%         3
 Animate Skeleton         Necr           2%         N/A       21%         1
 Pain                     Necr           4%         1d4       21%         1
 Sublimation of Blood     Necr           1%         N/A       30%         2
 Dazzling Flash           Conj/Hex       12%        N/A       32%         3
 Vampiric Draining        Necr           1%         2d6       52%         3


Dungeon Overview and Level Annotations

Branches:
Dungeon (2/15)

Altars:
Kikubaaqudgha


Innate Abilities, Weirdness & Mutations

You are small and have problems with some larger weapons.
You are completely attuned to the shadows.


Message History

The jackal is almost dead.
The jackal misses you.
You barely miss the jackal.
The jackal is almost dead.
The jackal barely misses you. The jackal closely misses you.
You closely miss the jackal.
The jackal is almost dead.
The jackal barely misses you.
You hit the jackal.
You kill the jackal!
Things that are here:
a jackal corpse; a jackal corpse; a jackal corpse HP restored.
An endoplasm comes into view.
An endoplasm is nearby!
The helpless endoplasm fails to defend itself.
You impale the endoplasm!!
You kill the endoplasm!
No target in view!
Found a stone staircase leading up.
No target in view!
Found 6 javelins.
No target in view!
No target in view!
You see here 6 javelins.
You open the door.
There is an open door here.
You open the door.
There is an open door here.
Found a faded altar of an unknown god.
No target in view!
No target in view!
There is a faded altar of an unknown god here.
You cannot tell which god this altar belongs to.
Convert to them anyway?
Kikubaaqudgha accepts your prayer! Kikubaaqudgha welcomes you!
You can now receive cadavers from Kikubaaqudgha.
Kikubaaqudgha grants you a gift!
You add the spells Animate Skeleton, Pain, Sublimation of Blood and Vampiric Draining to your library.
Are you sure you want to abandon this character and quit the game? (Confirm with "yes".)

##### #.########.# #...#
#.# #.# #####'#.# #.####
#.# #....P#.# #..... #.#
#.###8#.## #..### #.#
#.#P..#..####..# #.#.#
#.#.#.##.......# #.#..
#.'.#..##....#.# #.###
#####P_@######.#####.#..
##P.# #........... ##.#
#..#####.#.# #P. #..#
#.#.# #8## ##.# #.#.#
..#.#.# #.## #.#.#
#.#.#.# #..#
#########.....# #..##
#.............# #...#


There were no monsters in sight!

Vanquished Creatures
  A worm (D:2)
  2 dart slugs (D:1)
  2 endoplasms
  2 giant cockroaches (D:1)
  3 goblins (D:1)
  A hobgoblin (D:1)
  4 jackals (D:2)
  A quokka (D:1)
  4 ball pythons (D:1)
  6 bats (D:1)
  4 frilled lizards (D:1)
  5 kobolds
  3 rats
38 creatures vanquished.

Notes
Turn   | Place    | Note
-------+----------+-------------------------------------------
     0 | D:1      | Exodus22XD the Kobold Enchanter began the quest for the
                  | Orb.
     0 | D:1      | Reached XP level 1. HP: 10/10 MP: 3/3
   198 | D:1      | Reached XP level 2. HP: 15/15 MP: 5/5
   320 | D:1      | Reached skill level 5 in Stealth
   479 | D:1      | Learned a level 2 spell: Ensorcelled Hibernation
   701 | D:1      | Reached XP level 3. HP: 16/19 MP: 6/6
  1278 | D:1      | Reached skill level 6 in Stealth
  1730 | D:2      | Found a faded altar of an unknown god.
  1734 | D:2      | Prayed at the altar of an unknown god.
  1734 | D:2      | Became a worshipper of Kikubaaqudgha
  1734 | D:2      | Reached * piety under Kikubaaqudgha
  1734 | D:2      | Received a gift from Kikubaaqudgha
  1736 | D:2      | Quit the game

Illustrated notes

Levels and vault maps discovered:
D:1:      dpeg_arrival_simpleton_c, layout_loops_ring, minmay_pentomino_w4
D:2:      layout_basic, basic_altar, shapermc_ecumenical_altar_ellora

Skill      XL: |  1  2  3 |
---------------+----------+-----
Stealth        | 5 6 |  6.3
Short Blades   | |  1.3
Dodging        | |  2.4
Spellcasting   | |  2.1
Hexes          | |  3.0

Action                   || total
-------------------------++-------
Melee: Dagger            ||   144
       Punch             ||     2
 Stab: Sleeping          ||    19
Armor: Robe              ||    33
Dodge: Dodged            ||   114
